 Dungeon Crawl Stone Soup version 0.30.1-3-gfc49f6343a (webtiles) character file.

Game seed: 10010370736255981454

72 Heoruswealwe the Conjurer (level 4, 0/24 HPs)
             Began as a Deep Elf Conjurer on July 25, 2023.
             Killed by divine providence
             ... invoked by an orc priest
              (13 damage)
             ... on level 3 of the Dungeon.
             The game lasted 00:27:08 (3051 turns).

Heoruswealwe the Conjurer (Deep Elf Conjurer)       Turns: 3051, Time: 00:27:08

Health: 0/24       AC:  2    Str:  4    XL:     4   Next: 6%
Magic:  5/12       EV: 12    Int: 28    God:
Gold:   91         SH:  5    Dex: 13    Spells: 1/12 levels left

rFire   . . .        b - +6 short sword "Selobb" {heavy, Int+3}
rCold   . . .        (no shield)
rNeg    . . .        c - +0 robe
rPois   .            (no helmet)
rElec   .            (no cloak)
rCorr   .            (no gloves)
SInv    .            (no boots)
Will    +....        i - amulet of reflection
Stlth   ++           k - ring of willpower
HPRegen 0.24/turn    j - ring of wizardry
MPRegen 0.13/turn

%: reflection, wizardry (x1)
@: no status effects
A: no striking features
a: no special abilities


You were on level 3 of the Dungeon.
You visited 1 branch of the dungeon, and saw 3 of its levels.

You collected 91 gold pieces.

Inventory:

Hand Weapons
 b - the +6 short sword "Selobb" (weapon) {heavy, Int+3}
   (You found it on level 3 of the Dungeon)

   Int:       It affects your intelligence (+3).
Armour
 c - a +0 robe (worn)
Jewellery
 i - an amulet of reflection (around neck)
 j - a ring of wizardry (right hand)
 k - a ring of willpower (left hand)
Scrolls
 d - a scroll of torment {unknown}
 g - 2 scrolls of identify {unknown}
 l - 2 scrolls of noise {unknown}
 n - a scroll of poison {unknown}
Potions
 a - a potion of magic
 e - 2 potions of curing
 f - a potion of heal wounds
 h - a potion of might {unknown}
 m - a potion of degeneration {unknown}
 o - a potion of flight {unknown}
 p - a potion of brilliance {unknown}


   Skills:
 - Level 2.4 Dodging
 - Level 2.4 Stealth
 + Level 4.7 Spellcasting
 + Level 5.3 Conjurations


You had one spell level left.
You knew the following spells:

 Your Spells              Type           Power      Damage    Failure   Level
a - Magic Dart            Conj           100%       1d8       1%          1
b - Searing Ray           Conj           72%        2d7       1%          2
c - Stone Arrow           Conj/Erth      42%        3d9       2%          3
d - Dazzling Flash        Conj/Hex       42%        N/A       2%          3
z - Passwall              Tmut/Erth      5%         N/A       4%          2

Your spell library contained the following spells:

 Spells                   Type           Power      Damage    Failure   Level
 Apportation              Tloc           12%        N/A       2%          1
 Necrotise                Necr           24%        1d5       2%          1
 Sandblast                Erth           12%        2d6       2%          1
 Summon Small Mammal      Summ           24%        N/A       2%          1
 Fulminant Prism          Conj/Hex       10%        3d8       9%          4
 Iskenderun's Mystic Bla  Conj/Tloc      21%        2d6       9%          4
 Animate Armour           Summ/Erth      12%        N/A       26%         4
 Lehudib's Crystal Spear  Conj/Erth      10%        10d4      100%        8


Dungeon Overview and Level Annotations

Branches:
Dungeon (3/15)

Altars:
Makhleb


Message History

The orc priest is lightly wounded.
The orc priest mumbles some strange prayers to Beogh against you.
You resist with some effort.
The magic dart hits the orc priest.
The orc priest is heavily wounded.
The magic dart hits the orc priest.
The orc priest is severely wounded.
You block the orc priest's attack.
The orc wizard mumbles some strange words.
The orc wizard flickers and vanishes!
Deactivating autopickup; reactivate with Ctrl-A.
The orc priest invokes the aid of Beogh against you.
Beogh smites you!
Ouch! That really hurt!
It was a potion of curing.
You feel better.
The orc priest hits you from afar with a +0 trident.
The orc priest mumbles some strange prayers to Beogh against you.
Beogh smites you!
Ouch! That really hurt!
* * * LOW HITPOINT WARNING * * *
You hear some strange, mumbled words.
Something tries to affect you, but you resist.
You feel better. The orc priest closely misses you. x2
You feel better.
The orc priest hits you from afar with a +0 trident.
The orc priest drinks a potion.
The orc priest is healed!
The orc priest hits you with a +0 dagger.
Casting: Magic Dart (safe; 1% risk of failure)
Confirm with . or Enter, or press ? or * to list all spells.
Aiming: Searing Ray (safe; 1% risk of failure)
Press: ? - help, Shift-Dir - straight line, f/p - orc priest
Aim: an orc priest, wielding a +0 dagger (81% to hit)
The searing ray hits the orc priest!
The orc priest is severely wounded. (Press . to maintain the ray.)
You block the orc priest's attack. Something hits you.
The orc priest calls down the wrath of Beogh upon you.
Beogh smites you!
Ouch! That really hurt!
You die...

++.#......... +..#..##.....
. # ##.#......... ..#.
##...........
....###++###............
...............#........ .
.............'.##..... ..
#....o)....####..... .......
#..@o)###...###...## .......
#.....+ +...'....##. .......
#.....# #...#######.
.....).##.....# #...........
.......'......# #.....).....
###....###...## #...........
........##...#######........
.........'.......# #........
.......†##.......# #........


You could see 2 orc priests.

Vanquished Creatures
  An adder (D:2)
  2 dart slugs (D:1)
  2 orcs (D:3)
  6 bats
  7 endoplasms
  6 giant cockroaches (D:1)
  4 goblins
  5 hobgoblins
  3 quokkas
  4 ball pythons
  4 frilled lizards
  2 kobolds
  5 rats
51 creatures vanquished.

Notes
Turn   | Place    | Note
-------+----------+-------------------------------------------
     0 | D:1      | Heoruswealwe the Deep Elf Conjurer began the quest for the
                  | Orb.
     0 | D:1      | Reached XP level 1. HP: 10/10 MP: 6/6
   214 | D:1      | Reached XP level 2. HP: 14/15 MP: 2/8
   217 | D:1      | Learned a level 2 spell: Searing Ray
   483 | D:1      | Learned a level 2 spell: Passwall
   639 | D:1      | Reached skill level 5 in Conjurations
   639 | D:1      | Reached XP level 3. HP: 19/19 MP: 6/10
   643 | D:1      | Learned a level 3 spell: Stone Arrow
   957 | D:2      | Found a faded altar of an unknown god.
  2785 | D:3      | Learned a level 3 spell: Dazzling Flash
  2789 | D:3      | Identified the +6 short sword "Selobb" {heavy, Int+3}
  2947 | D:3      | Found a burning altar of Makhleb.
  3019 | D:3      | Reached XP level 4. HP: 24/24 MP: 10/12
  3047 | D:3      | HP: 1/24 [orc priest/divine providence (12)]
  3051 | D:3      | Killed from afar by an orc priest

Illustrated notes

Levels and vault maps discovered:
D:1:      saegor_arrival_miasma, layout_loops_corners,
          chequers_serial_rivers_small_b, minmay_worlds_worst_comb
D:2:      layout_rooms, serial_forest, infiniplex_forest_straight_2,
          infiniplex_forest_straight_2, infiniplex_forest_end_2,
          infiniplex_forest_zigzag_2, infiniplex_forest_corner_1,
          basic_ecumenical_altar, serial_park_tiny_1, minmay_misc_feat_doors,
          minmay_misc_feat_columns, hangedman_decor_slide_cut
D:3:      minmay_roachtagon, layout_basic, mainiacjoe_overflow_surrounded_room,
          kennysheep_generic_room_12, uniq_sigmund, uniq_terence

Skill      XL: |  1  2 |
---------------+-------+-----
Spellcasting   | 4 |  4.7
Conjurations   | 5 |  5.3
Dodging        | |  2.4
Stealth        | |  2.4

Action                     |  1- 3 |  4- 6 || total
---------------------------+-------+-------++-------
  Melee: Long sword        |  1134 |       ||  1134
         Punch             |    17 |       ||    17
   Cast: Magic Dart        |    86 |     7 ||    93
         Searing Ray       |       |     1 ||     1
    Use: Potion            |       |     3 ||     3
 Armour: Robe              |     3 |       ||     3
  Dodge: Dodged            |     9 |     2 ||    11
  Block: Other             |     1 |     2 ||     3
         Reflection        |     1 |       ||     1
